XFBL
PHILADELPHIA PHILLIES @ NEW YORK METS
03/21/1982
 
TOP OF THE 1ST
Philadelphia Phillies batting - Pitching for New York Mets : RHP Benjamin Ochoa
Pitching: RHP Benjamin Ochoa
Batting: RHB Andy Ramirez 0-0: Fly out, F4 (Line Drive, 4, EV 67.5 MPH)
Batting: LHB Lou Whitaker 0-0: Called Strike
0-1: Ball
1-1: SINGLE (Line Drive, 4MD, EV 96.9 MPH)
Batting: LHB Tony Gwynn 0-0: Called Strike
0-1: Ball
1-1: Ball
2-1: 2-RUN HOME RUN (Line Drive, 78XD, EV 103.8 MPH), Distance : 433 ft
Batting: RHB Candy Maldonado 0-0: Fly out, F8 (Flyball, 8LXD, EV 111.3 MPH)
Batting: LHB Ken Phelps 0-0: Ball
1-0: Ball
2-0: Ball
3-0: Base on Balls
Batting: RHB Jody Davis 0-0: Fly out, F8 (Flyball, 8LXD, EV 106.9 MPH)
Top of the 1st over - 2 runs, 2 hits, 0 errors, 1 left on base; Philadelphia 2 - New York 0
BOTTOM OF THE 1ST
New York Mets batting - Pitching for Philadelphia Phillies : RHP Bill Singer
Pitching: RHP Bill Singer
Batting: RHB Gary Redus 0-0: Foul Ball, location: 2F
0-1: Swinging Strike
0-2: SINGLE (Line Drive, 7S, EV 109.4 MPH)
Batting: RHB Jason Sickman 0-0: Called Strike
0-1: Ball
1-1: Called Strike
Gary Redus steals 2nd base
1-2: SINGLE (Groundball, 4MD, EV 97.5 MPH)
Gary Redus to third
Runner from 3rd tries for Home, SAFE, throw by CF to home
Batting: LHB Lyman Bostock 0-0: Ball
1-0: Foul Ball, location: 2F
1-1: Foul Ball, location: 2F
1-2: SINGLE (Groundball, 13S, EV 70.6 MPH) (infield hit)
Jason Sickman to second
Batting: LHB Alamazoo White 0-0: DOUBLE (Line Drive, 78M, EV 93.8 MPH)
Jason Sickman scores
Lyman Bostock to third
Runner from 3rd tries for Home, SAFE, throw by LF to home
Batting: LHB Roy E Johnson 0-0: Ground out 5-3 (Groundball, 56, EV 85.6 MPH)
Batting: RHB Bill Almon 0-0: Called Strike
0-1: Called Strike
0-2: Strikes out swinging
Batting: RHB Ray Knight 0-0: SINGLE (Groundball, 6D, EV 97.5 MPH)
Alamazoo White to third
Runner from 3rd tries for Home, SAFE, throw by CF to home
Batting: RHB Juan Garcia 0-0: Ball
1-0: Ball
2-0: Called Strike
2-1: SINGLE (Line Drive, 7S, EV 106.9 MPH)
Ray Knight to second
Runner from 2nd tries for 3rd, SAFE, throw by LF made to third
Batting: RHB Benjamin Ochoa 0-0: Foul Ball, location: 2F
0-1: Called Strike
0-2: Ground out 4-3 (Groundball, 4, EV 80.0 MPH)
Bottom of the 1st over - 4 runs, 6 hits, 0 errors, 2 left on base; Philadelphia 2 - New York 4
TOP OF THE 2ND
Philadelphia Phillies batting - Pitching for New York Mets : RHP Benjamin Ochoa
Batting: RHB Dan Thomas 0-0: Ball
1-0: Foul Ball, location: 2F
1-1: Fly out, F8 (Flyball, 8LD, EV 103.1 MPH)
Batting: LHB Andy Guerrero 0-0: Ball
1-0: SINGLE (Groundball, 25, EV 70.0 MPH) (infield hit)
Batting: RHB Bill Singer 0-0: Called Strike
0-1: Sac Bunt to 3S - play at first, batter OUT! 3-1
Andy Guerrero to second
Batting: RHB Andy Ramirez 0-0: Ball
1-0: Ground out 4-3 (Groundball, 4, EV 88.1 MPH)
Top of the 2nd over - 0 runs, 1 hit, 0 errors, 1 left on base; Philadelphia 2 - New York 4
BOTTOM OF THE 2ND
New York Mets batting - Pitching for Philadelphia Phillies : RHP Bill Singer
Batting: RHB Gary Redus 0-0: Ground out 1-3 (Groundball, 34S, EV 69.4 MPH)
Batting: RHB Jason Sickman 0-0: Ball
1-0: Swinging Strike
1-1: Swinging Strike
1-2: Ball
2-2: Ground out 6-3 (Groundball, 6, EV 100.0 MPH)
Batting: LHB Lyman Bostock 0-0: Foul Ball, location: 2F
0-1: Swinging Strike
0-2: Ball
1-2: Foul Ball, location: 2F
1-2: Ball
2-2: Strikes out looking
Bottom of the 2nd over - 0 runs, 0 hits, 0 errors, 0 left on base; Philadelphia 2 - New York 4
TOP OF THE 3RD
Philadelphia Phillies batting - Pitching for New York Mets : RHP Benjamin Ochoa
Batting: LHB Lou Whitaker 0-0: Ground out 6-3 (Groundball, 6MS, EV 86.3 MPH)
Batting: LHB Tony Gwynn 0-0: Foul Ball, location: 2F
0-1: Ground out 4-3 (Groundball, 34, EV 108.1 MPH)
Batting: RHB Candy Maldonado 0-0: Ball
1-0: Ball
2-0: Foul Ball, location: 2F
2-1: Ground out 5-3 (Groundball, 56S, EV 72.5 MPH)
Top of the 3rd over - 0 runs, 0 hits, 0 errors, 0 left on base; Philadelphia 2 - New York 4
BOTTOM OF THE 3RD
New York Mets batting - Pitching for Philadelphia Phillies : RHP Bill Singer
Batting: LHB Alamazoo White 0-0: Called Strike
0-1: Foul Ball, location: 2F
0-2: Ball
1-2: Ball
2-2: Ball
3-2: Fly out, F8 (Line Drive, 8LM, EV 93.8 MPH)
Batting: LHB Roy E Johnson 0-0: Ground out 4-3 (Groundball, 4, EV 77.5 MPH)
Batting: RHB Bill Almon 0-0: Ball
1-0: Called Strike
1-1: Swinging Strike
1-2: Foul Ball, location: 2F
1-2: Strikes out looking
Bottom of the 3rd over - 0 runs, 0 hits, 0 errors, 0 left on base; Philadelphia 2 - New York 4
TOP OF THE 4TH
Philadelphia Phillies batting - Pitching for New York Mets : RHP Benjamin Ochoa
Batting: LHB Ken Phelps 0-0: Called Strike
0-1: SINGLE (Groundball, 4MD, EV 103.1 MPH)
Batting: RHB Jody Davis 0-0: Called Strike
0-1: Grounds into double play, 6-4-3 (Groundball, 6, EV 107.5 MPH)
Batting: RHB Dan Thomas 0-0: Ball
1-0: SINGLE (Flyball, 6D, EV 87.5 MPH)
Batting: LHB Andy Guerrero 0-0: Swinging Strike
0-1: Called Strike
0-2: Ball
1-2: Strikes out looking
Top of the 4th over - 0 runs, 2 hits, 0 errors, 1 left on base; Philadelphia 2 - New York 4
BOTTOM OF THE 4TH
New York Mets batting - Pitching for Philadelphia Phillies : RHP Bill Singer
Batting: RHB Ray Knight 0-0: Ground out 6-3 (Groundball, 6, EV 96.9 MPH)
Batting: RHB Juan Garcia 0-0: Ball
1-0: Called Strike
1-1: Ball
2-1: DOUBLE (Line Drive, 78M, EV 100.0 MPH)
Pinch Hitting: RHB Garry Maddox 0-0: Ground out 4-3 (Groundball, 4S, EV 68.1 MPH)
Juan Garcia to third
Batting: RHB Gary Redus 0-0: Ball
1-0: Ball
2-0: Foul Ball, location: 2F
2-1: SINGLE (Flyball, 4D, EV 90.0 MPH)
Juan Garcia scores
Pitching: RHP Tony Villa
Batting: RHB Jason Sickman 0-0: Ball
1-0: Ball
2-0: Ball
3-0: Called Strike
3-1: Foul Ball, location: 2F
3-2: Foul Ball, location: 2F
3-2: Foul Ball, location: 2F
3-2: Foul Ball, location: 2F
3-2: Foul Ball, location: 2F
3-2: Fly out, F7 (Line Drive, 7, EV 93.8 MPH)
Bottom of the 4th over - 1 run, 2 hits, 0 errors, 1 left on base; Philadelphia 2 - New York 5
TOP OF THE 5TH
Philadelphia Phillies batting - Pitching for New York Mets : RHP Benjamin Ochoa
Pitching: RHP Raymond Price
Batting: RHB Tony Villa 0-0: Foul Ball, location: 2F
0-1: Called Strike
0-2: Foul Ball, location: 2F
0-2: Strikes out looking
Batting: RHB Andy Ramirez 0-0: Foul Ball, location: 2F
0-1: SINGLE (Line Drive, 7S, EV 95.0 MPH)
Batting: LHB Lou Whitaker 0-0: Ball
1-0: Called Strike
1-1: Ball
2-1: Fielders Choice at 2nd, 6-4 (Groundball, 6, EV 103.8 MPH)
Batting: LHB Tony Gwynn 0-0: Ball
1-0: Ball
2-0: Called Strike
Lou Whitaker steals 2nd base
2-1: Ball
3-1: Called Strike
3-2: Fly out, F9 (Flyball, 9D, EV 91.3 MPH)
Top of the 5th over - 0 runs, 1 hit, 0 errors, 1 left on base; Philadelphia 2 - New York 5
BOTTOM OF THE 5TH
New York Mets batting - Pitching for Philadelphia Phillies : RHP Tony Villa
Batting: LHB Lyman Bostock 0-0: Ball
1-0: Called Strike
1-1: SINGLE (Groundball, 6MD, EV 101.9 MPH)
Batting: LHB Alamazoo White 0-0: Foul Ball, location: 2F
0-1: Grounds into double play, 6-4-3 (Groundball, 6, EV 93.8 MPH)
Batting: LHB Roy E Johnson 0-0: Ball
1-0: Fly out, F3 (Popup, 3SF, EV 71.3 MPH)
Bottom of the 5th over - 0 runs, 1 hit, 0 errors, 0 left on base; Philadelphia 2 - New York 5
TOP OF THE 6TH
Philadelphia Phillies batting - Pitching for New York Mets : RHP Raymond Price
Batting: RHB Candy Maldonado 0-0: Foul Ball, location: 2F
0-1: Ball
1-1: Called Strike
1-2: SOLO HOME RUN (Flyball, 7D, EV 95.6 MPH), Distance : 376 ft
Batting: LHB Ken Phelps 0-0: Ball
1-0: Called Strike
1-1: Swinging Strike
1-2: Strikes out swinging
Batting: RHB Jody Davis 0-0: Called Strike
0-1: Ground out 4-3 (Groundball, 4, EV 108.1 MPH)
Batting: RHB Dan Thomas 0-0: SINGLE (Line Drive, 9S, EV 96.9 MPH)
Batting: LHB Andy Guerrero 0-0: Ball
1-0: Called Strike
1-1: Called Strike
1-2: Foul Ball, location: 2F
1-2: Ball
2-2: Ball
3-2: Base on Balls
Dan Thomas to second
Pinch Hitting: RHB Paul Molitor 0-0: Called Strike
0-1: Ball
1-1: Called Strike
1-2: Foul Ball, location: 2F
1-2: Strikes out swinging
Top of the 6th over - 1 run, 2 hits, 0 errors, 2 left on base; Philadelphia 3 - New York 5
BOTTOM OF THE 6TH
New York Mets batting - Pitching for Philadelphia Phillies : RHP Tony Villa
Pitching: RHP Armando Gutierrez
Batting: RHB Bill Almon 0-0: Ground out 4-3 (Groundball, 4M, EV 105.0 MPH)
Batting: RHB Ray Knight 0-0: Called Strike
0-1: Foul Ball, location: 2F
0-2: Foul Ball, location: 2F
0-2: Ground out 6-3 (Groundball, 56, EV 99.4 MPH)
Batting: RHB Juan Garcia 0-0: Called Strike
0-1: Called Strike
0-2: Foul Ball, location: 2F
0-2: Foul Ball, location: 2F
0-2: Ball
1-2: Ball
2-2: Fly out, F3 (Popup, 3SF, EV 80.0 MPH)
Bottom of the 6th over - 0 runs, 0 hits, 0 errors, 0 left on base; Philadelphia 3 - New York 5
TOP OF THE 7TH
Philadelphia Phillies batting - Pitching for New York Mets : RHP Raymond Price
Pinch Hitting: LHB Terry Lee 0-0: Ball
1-0: Foul Ball, location: 2F
1-1: Ball
2-1: Swinging Strike
2-2: Foul Ball, location: 2F
2-2: Foul Ball, location: 2F
2-2: Foul Ball, location: 2F
2-2: Ball
3-2: Strikes out swinging
Pinch Hitting: RHB Ivan de Jesus 0-0: Ground out 6-3 (Groundball, 6, EV 86.3 MPH)
Pinch Hitting: LHB James Peters 0-0: Ball
1-0: Foul Ball, location: 2F
1-1: Swinging Strike
1-2: Strikes out swinging
Top of the 7th over - 0 runs, 0 hits, 0 errors, 0 left on base; Philadelphia 3 - New York 5
BOTTOM OF THE 7TH
New York Mets batting - Pitching for Philadelphia Phillies : RHP Armando Gutierrez
Now at 3B: Terry Lee
Now at SS: Ivan de Jesus
Now in LF: James Peters
Pinch Hitting: RHB George Gomez 0-0: Ball
1-0: Swinging Strike
1-1: Swinging Strike
1-2: Strikes out swinging
Pinch Hitting: RHB Rick Burleson 0-0: Ball
1-0: Swinging Strike
1-1: Ball
2-1: Ball
3-1: Base on Balls
Batting: RHB Jason Sickman 0-0: Ball
1-0: Ball
2-0: SINGLE (Groundball, 6MD, EV 97.5 MPH)
Rick Burleson to second
Runner from 2nd tries for 3rd, SAFE, throw by CF made to third
Pinch Hitting: LHB John Kruk 0-0: Ball
1-0: Foul Ball, location: 2F
1-1: Swinging Strike
1-2: Strikes out swinging
Pinch Hitting: RHB German Rivera 0-0: Foul Ball, location: 2F
0-1: Ball
1-1: Ball
2-1: SINGLE (Flyball, 7LS, EV 94.4 MPH)
Rick Burleson scores
Jason Sickman to second
Batting: LHB Roy E Johnson 0-0: Ground out 3-1 (Groundball, 34, EV 96.9 MPH)
Bottom of the 7th over - 1 run, 2 hits, 0 errors, 2 left on base; Philadelphia 3 - New York 6
TOP OF THE 8TH
Philadelphia Phillies batting - Pitching for New York Mets : RHP Raymond Price
Pitching: RHP Kip Young
Now at 1B: German Rivera
Now at 2B: Rick Burleson
Now in RF: John Kruk
Pinch Hitting: RHB Derrell Baker 0-0: Ball
1-0: Ball
2-0: Foul Ball, location: 2F
2-1: Called Strike
2-2: Foul Ball, location: 2F
2-2: Ground out 6-3 (Groundball, 6, EV 87.5 MPH)
Pinch Hitting: LHB Randy Bush 0-0: Ball
1-0: Swinging Strike
1-1: Ground out 6-3 (Groundball, 6, EV 86.9 MPH)
Batting: RHB Jody Davis 0-0: Called Strike
0-1: Called Strike
0-2: Ball
1-2: SINGLE (Line Drive, 89S, EV 88.8 MPH)
Pinch Hitting: RHB Tim Wallach 0-0: Called Strike
0-1: Called Strike
0-2: Ball
1-2: Fly out, F9 (Line Drive, 9, EV 83.8 MPH)
Top of the 8th over - 0 runs, 1 hit, 0 errors, 1 left on base; Philadelphia 3 - New York 6
BOTTOM OF THE 8TH
New York Mets batting - Pitching for Philadelphia Phillies : RHP Armando Gutierrez
Now at 1B: Tim Wallach
Now at 3B: Adrian McCarthy
Now in CF: Derrell Baker
Batting: RHB Bill Almon 0-0: Ball
1-0: Ball
2-0: Called Strike
2-1: Fly out, F9 (Flyball, 9S, EV 94.4 MPH)
Pinch Hitting: RHB Dave Concepcion 0-0: Fly out, F9 (Flyball, 9LM, EV 83.1 MPH)
Batting: RHB Juan Garcia 0-0: Ball
1-0: Ball
2-0: Called Strike
2-1: Foul Ball, location: 2F
2-2: Ball
3-2: Foul Ball, location: 2F
3-2: Base on Balls
Pinch Hitting: LHB Terry Kennedy
Pitching: RHP George Frazier 0-0: Ball
1-0: Fielders Choice at 2nd, 6-4 (Groundball, 6, EV 83.8 MPH)
Bottom of the 8th over - 0 runs, 0 hits, 0 errors, 1 left on base; Philadelphia 3 - New York 6
TOP OF THE 9TH
Philadelphia Phillies batting - Pitching for New York Mets : RHP Kip Young
Pitching: LHP Austin Martinelli
Now at SS: Dave Concepcion
Pinch Hitting: LHB Ty Gainey 0-0: Called Strike
0-1: Foul Ball, location: 2F
0-2: Ground out 4-3 (Groundball, 4, EV 93.1 MPH)
Pinch Hitting: RHB Andre Dawson 0-0: Called Strike
0-1: Fly out, F8 (Flyball, 89M, EV 81.9 MPH)
Batting: LHB Terry Lee 0-0: Ball
1-0: Ball
2-0: Foul Ball, location: 2F
2-1: DOUBLE (Line Drive, 78D, EV 109.4 MPH)
Batting: RHB Ivan de Jesus 0-0: Foul Ball, location: 2F
0-1: Foul Ball, location: 2F
0-2: Ball
1-2: Foul Ball, location: 2F
1-2: Foul Ball, location: 2F
1-2: Ball
2-2: Ground out U3 (Groundball, 34, EV 81.9 MPH)
Top of the 9th over - 0 runs, 1 hit, 0 errors, 1 left on base; Philadelphia 3 - New York 6
Wednesday, July 15th, 2020 - OOTP Baseball 21.4 Build 63